[Event "December 19 Early 2023"]
[Site "https://www.chess.com"]
[Date "2023.12.19"]
[Round "6"]
[White "Obon Temprano, Sergi"]
[Black "Serra Canals, Oriol"]
[Result "1-0"]
[Board "172"]
[TimeControl "180+1"]
[WhiteFideId "2226545"]
[BlackFideId "22276084"]
[WhiteElo "2135"]
[BlackElo "2108"]
[WhiteTeam "ESP"]
[BlackTeam "ESP"]
[WhiteClock "0:00:41"]
[BlackClock "0:01:00"]

1. d4 e6 2. Nf3 Nf6 3. e3 d5 4. Bd3 Be7 5. O-O b6 6. b3 Bb7 7. Bb2 Ne4 8. Nbd2 Nd7 9. c4 c5 10. Rc1 Rc8 11. Bb1 Ndf6 12. Nxe4 Nxe4 13. Nd2 Nxd2 14. Qxd2 dxc4 15. bxc4 Bf6 16. Rfd1 cxd4 17. Bxd4 Bxd4 18. exd4 O-O 19. Qd3 g6 20. Qg3 Qf6 21. c5 Rfd8 22. cxb6 Rxc1 23. Rxc1 axb6 24. Qc7 Qxd4 25. h3 Rd7 26. Qb8+ Kg7 27. Re1 h5 28. Bc2 Qc3 29. Qe5+ Qxe5 30. Rxe5 Bd5 31. Bb3 Kf6 32. Re3 b5 33. Bxd5 Rxd5 34. Re4 Rd1+ 35. Kh2 Rd2 36. Rf4+ Ke7 37. a4 bxa4 38. Kg3 a3 39. Ra4 a2 40. Ra7+ Kf6 41. f4 Rb2 42. Kf3 g5 43. fxg5+ Kxg5 44. g3 f5 45. Ra6 e5 46. h4# 1-0

[Event "December 19 Early 2023"]
[Site "https://www.chess.com"]
[Date "2023.12.19"]
[Round "6"]
[White "Deveci, Huseyin Said"]
[Black "Gurevich, Dmitry"]
[Result "1-0"]
[Board "173"]
[TimeControl "180+1"]
[WhiteFideId "26322455"]
[BlackFideId "2000407"]
[WhiteElo "1954"]
[BlackElo "2506"]
[WhiteTeam "TUR"]
[BlackTeam "USA"]
[WhiteClock "0:00:15"]
[BlackClock "0:00:00"]

1. e4 c5 2. Nf3 d6 3. d4 cxd4 4. Nxd4 Nf6 5. Nc3 Nc6 6. Bb5 Bd7 7. O-O g6 8. Be3 Bg7 9. f3 O-O 10. Bc4 Rc8 11. Bb3 Na5 12. Qd2 Nc4 13. Bxc4 Rxc4 14. Rad1 a6 15. Nde2 b5 16. a3 Rc8 17. Nf4 Re8 18. Nfd5 Rb8 19. Nxf6+ Bxf6 20. Bd4 Bxd4+ 21. Qxd4 Qb6 22. Qxb6 Rxb6 23. Nd5 Rb7 24. Rd3 Be6 25. Ne3 Rc8 26. Rfd1 a5 27. f4 b4 28. f5 Bc4 29. Rd4 Ba6 30. axb4 Rxb4 31. Rxb4 axb4 32. Rd4 b3 33. cxb3 Bb7 34. f6 exf6 35. Rxd6 Kg7 36. Nd5 Rc1+ 37. Kf2 Rc2+ 38. Kg3 Bxd5 39. exd5 Rxb2 40. Rb6 Rd2 41. d6 f5 42. b4 g5 43. b5 Rd3+ 44. Kf2 f4 45. Rc6 Kf6 46. b6 Rb3 47. d7+ Ke7 48. Rd6 Kd8 49. g3 fxg3+ 50. hxg3 f5 51. Kg2 1-0

[Event "December 19 Early 2023"]
[Site "https://www.chess.com"]
[Date "2023.12.19"]
[Round "6"]
[White "Shapiro, Daniel"]
[Black "Tay, Junior"]
[Result "0-1"]
[Board "174"]
[TimeControl "180+1"]
[WhiteFideId "2001780"]
[BlackFideId "5800439"]
[WhiteElo "2308"]
[BlackElo "2216"]
[WhiteTeam "USA"]
[BlackTeam "SGP"]
[WhiteClock "0:00:00"]
[BlackClock "0:00:20"]

1. d4 d5 2. c4 e6 3. Nf3 c5 4. cxd5 exd5 5. e3 Nc6 6. Nc3 Nf6 7. Bd3 c4 8. Bc2 Bb4 9. O-O O-O 10. h3 Re8 11. Bd2 a6 12. a3 Bd6 13. b3 b5 14. bxc4 bxc4 15. Re1 Bc7 16. e4 dxe4 17. Nxe4 Nd5 18. Nfg5 Bf5 19. Ba4 Qd7 20. Qf3 Bg6 21. h4 h6 22. h5 Bxe4 23. Bxc6 Bxf3 24. Bxd7 Rxe1+ 25. Bxe1 hxg5 26. gxf3 Rd8 27. Bf5 Nf4 28. Be4 Rxd4 29. Rb1 f6 30. Rb7 Rd1 0-1

[Event "December 19 Early 2023"]
[Site "https://www.chess.com"]
[Date "2023.12.19"]
[Round "6"]
[White "Can, Melih Kaan"]
[Black "Clawitter, Craig"]
[Result "0-1"]
[Board "175"]
[TimeControl "180+1"]
[WhiteFideId "6317383"]
[BlackFideId "2023105"]
[WhiteElo "2022"]
[BlackElo "2251"]
[WhiteTeam "TUR"]
[BlackTeam "USA"]
[WhiteClock "0:01:28"]
[BlackClock "0:01:06"]

1. e4 e6 2. d4 d5 3. Nd2 Be7 4. Bd3 c5 5. exd5 Qxd5 6. Ngf3 cxd4 7. O-O Nf6 8. Bc4 Qd7 9. Nb3 Nc6 10. Nbxd4 Nxd4 11. Nxd4 a6 12. Be3 O-O 13. Qf3 b5 14. Qxa8 Bb7 15. Qa7 bxc4 16. Rad1 Rd8 17. f3 Nd5 18. Bf2 Ra8 19. Qb6 Nxb6 20. Nf5 Nd5 0-1

[Event "December 19 Early 2023"]
[Site "https://www.chess.com"]
[Date "2023.12.19"]
[Round "6"]
[White "Silvestre, Christian"]
[Black "Rozhkov, Viacheslav"]
[Result "0-1"]
[Board "176"]
[TimeControl "180+1"]
[WhiteFideId "30956269"]
[BlackFideId "4181484"]
[WhiteElo "2246"]
[BlackElo "2237"]
[WhiteTeam "USA"]
[BlackTeam "RUS"]
[WhiteClock "0:00:30"]
[BlackClock "0:00:12"]

1. e4 e6 2. d4 d5 3. Nc3 Bb4 4. e5 c5 5. a3 Bxc3+ 6. bxc3 Ne7 7. Qg4 Qc7 8. Qxg7 Rg8 9. Qxh7 cxd4 10. Ne2 Nbc6 11. f4 dxc3 12. Qd3 d4 13. Ng3 Bd7 14. Rb1 O-O-O 15. h3 Nd5 16. Ne4 Kb8 17. a4 Ncb4 18. Qc4 Nxc2+ 19. Kf2 Bc6 20. Nd6 Rxd6 21. exd6 Qxd6 22. g3 Nde3 23. Bxe3 dxe3+ 24. Kg1 Rxg3+ 25. Kh2 Rf3 26. Bg2 Rf2 27. Rhg1 e2 28. Qxc3 Qxf4+ 29. Qg3 Qxg3+ 30. Kxg3 Rxg2+ 31. Rxg2 Bxg2 32. h4 Be4 33. Rc1 e1=Q+ 34. Rxe1 Nxe1 35. Kf4 Bg6 36. Kg5 Nd3 37. Kf6 e5 38. Kg5 e4 39. Kg4 a6 40. Kg3 b5 41. Kg2 bxa4 42. Kf1 a3 43. Ke2 a2 44. Ke3 a1=Q 45. h5 Bxh5 46. Kd2 Qd4 47. Kc2 a5 48. Kd2 e3+ 49. Kc2 a4 50. Kb1 Qb2# 0-1

[Event "December 19 Early 2023"]
[Site "https://www.chess.com"]
[Date "2023.12.19"]
[Round "6"]
[White "Zhuk, Valeriy"]
[Black "Zainullina, Nataliya"]
[Result "1-0"]
[Board "177"]
[TimeControl "180+1"]
[WhiteFideId "24151254"]
[BlackFideId "4145488"]
[WhiteElo "2148"]
[BlackElo "2245"]
[WhiteTeam "RUS"]
[BlackTeam "RUS"]
[WhiteClock "0:00:03"]
[BlackClock "0:00:00"]

1. Nf3 d5 2. d4 Nf6 3. c4 dxc4 4. e3 e6 5. Bxc4 Bb4+ 6. Nc3 O-O 7. O-O Bd7 8. Bd2 Bc6 9. Ne5 Be8 10. a3 Bd6 11. Nf3 Nbd7 12. e4 e5 13. Bg5 h6 14. Bh4 c6 15. Qb3 Qc7 16. Bg3 b5 17. Be2 exd4 18. Nxd4 Bxg3 19. hxg3 Nc5 20. Qc2 Qe5 21. Nf3 Qe7 22. e5 Ng4 23. Rfe1 Bd7 24. b4 Nb7 25. Bd3 a5 26. Rab1 axb4 27. axb4 Rfd8 28. Bf5 Bxf5 29. Qxf5 Qe6 30. Qf4 g5 31. Qe4 Ra3 32. Rbc1 1-0

[Event "December 19 Early 2023"]
[Site "https://www.chess.com"]
[Date "2023.12.19"]
[Round "6"]
[White "Von Buelow, Georg"]
[Black "Joel Paul Ganta"]
[Result "0-1"]
[Board "178"]
[TimeControl "180+1"]
[WhiteFideId "4620658"]
[BlackFideId "35066145"]
[WhiteElo "2229"]
[BlackElo "1891"]
[WhiteTeam "GER"]
[BlackTeam "IND"]
[WhiteClock "0:01:35"]
[BlackClock "0:01:28"]

1. e4 c5 2. Nf3 d6 3. d4 cxd4 4. Nxd4 Nf6 5. Nc3 Nc6 6. Bg5 Bd7 7. Qd2 Rc8 8. f4 a6 9. O-O-O Qa5 10. Nb3 Qb4 11. Bxf6 gxf6 12. a3 Qb6 13. Nd5 Qd8 14. Kb1 e6 15. Ne3 Be7 16. Nc4 d5 17. exd5 exd5 18. Qxd5 Be6 19. Qf3 Qc7 20. f5 Bxc4 21. Bxc4 Ne5 0-1

[Event "December 19 Early 2023"]
[Site "https://www.chess.com"]
[Date "2023.12.19"]
[Round "6"]
[White "Tarasova, Viktoriya"]
[Black "Quilter, Thomas A"]
[Result "1-0"]
[Board "179"]
[TimeControl "180+1"]
[WhiteFideId "4175840"]
[BlackFideId "408530"]
[WhiteElo "2182"]
[BlackElo "1962"]
[WhiteTeam "RUS"]
[BlackTeam "ENG"]
[WhiteClock "0:00:23"]
[BlackClock "0:00:00"]

1. d4 d5 2. c4 e6 3. Nc3 c5 4. Nf3 cxd4 5. Nxd4 e5 6. Nf3 d4 7. Nb1 Nc6 8. Nbd2 f5 9. e3 dxe3 10. fxe3 Bc5 11. Nb3 Qxd1+ 12. Kxd1 Bb6 13. c5 Bc7 14. Bb5 Nf6 15. Ke2 O-O 16. Rd1 e4 17. Nfd4 Nxd4+ 18. Nxd4 Bxh2 19. c6 bxc6 20. Nxc6 Rb8 21. Nxb8 Bxb8 22. Bc4+ Kh8 23. Bd2 f4 24. Rf1 Bg4+ 25. Ke1 f3 26. gxf3 Bg3+ 27. Kd1 Bxf3+ 28. Kc2 h5 29. Be1 Bxe1 30. Raxe1 h4 31. Rf2 Ng4 32. Rd2 g5 33. Rd5 Rg8 34. Bf1 Rc8+ 35. Kb3 Rb8+ 36. Ka3 Nf6 37. Rxg5 Kh7 38. Bh3 Kh6 39. Reg1 1-0

[Event "December 19 Early 2023"]
[Site "https://www.chess.com"]
[Date "2023.12.19"]
[Round "6"]
[White "Mende, Andreas"]
[Black "Vincenti, Leonardo"]
[Result "0-1"]
[Board "180"]
[TimeControl "180+1"]
[WhiteFideId "4631102"]
[BlackFideId "28550820"]
[WhiteElo "2081"]
[BlackElo "2054"]
[WhiteTeam "GER"]
[BlackTeam "ITA"]
[WhiteClock "0:00:00"]
[BlackClock "0:00:40"]

1. c4 e6 2. g3 d5 3. Bg2 Nf6 4. Nf3 dxc4 5. O-O Be7 6. Qa4+ Bd7 7. Qxc4 Bc6 8. d3 O-O 9. e4 Nbd7 10. Qc2 Nc5 11. Rd1 Qd7 12. Be3 Na6 13. Ne5 Nb4 14. Qc3 Qe8 15. a3 Na6 16. Nxc6 Qxc6 17. e5 Nd5 18. Qxc6 bxc6 19. Bc1 Nc5 20. Nc3 Nb3 21. Rb1 Nxc1 22. Rbxc1 Rab8 23. b4 Rb6 24. Nxd5 exd5 25. d4 Re8 26. Rc3 f6 27. f4 fxe5 28. fxe5 Bg5 29. h4 Bh6 30. Bh3 Re7 31. Rf1 g5 32. h5 Bg7 33. Bg2 h6 34. Rc5 Ra6 35. Rf3 Rb6 36. Rfc3 Re6 37. Bh3 Re7 38. Rxc6 Rxc6 39. Rxc6 Kf8 40. Bf5 Ke8 41. g4 Kd8 42. Ra6 c5 43. bxc5 Rc7 44. Rd6+ Ke7 45. Rxd5 Rb7 46. Kf2 Rb2+ 47. Ke3 Rb3+ 48. Bd3 Rxa3 49. c6 Rc3 50. Rd7+ Kf8 51. c7 Ke8 52. Rd8+ Ke7 53. c8=Q Rxc8 54. Rxc8 Kd7 55. Ra8 Kc6 56. Rxa7 Bf8 57. Rf7 Ba3 58. Rf6+ Kc7 59. Rxh6 Bc1+ 60. Ke2 Bf4 61. Rg6 Kd7 62. h6 Ke7 63. h7 Bxe5 64. dxe5 Kf7 65. Rf6+ Kg7 0-1

[Event "December 19 Early 2023"]
[Site "https://www.chess.com"]
[Date "2023.12.19"]
[Round "6"]
[White "Kuhn, Clement"]
[Black "Cramling Bellon, Anna"]
[Result "1-0"]
[Board "181"]
[TimeControl "180+1"]
[WhiteFideId "36099775"]
[BlackFideId "32009232"]
[WhiteElo "2251"]
[BlackElo "1976"]
[WhiteTeam "FRA"]
[BlackTeam "SWE"]
[WhiteClock "0:00:54"]
[BlackClock "0:00:00"]

1. e4 c5 2. Nc3 Nc6 3. Bb5 a6 4. Bxc6 dxc6 5. f4 g6 6. Nf3 Bg7 7. O-O e6 8. d3 Ne7 9. Be3 b6 10. a4 a5 11. Qe2 O-O 12. Nd2 Bd4 13. Nc4 Ba6 14. Ne5 Bxe3+ 15. Qxe3 f6 16. Nf3 Qc7 17. b3 Rad8 18. Rae1 Qd6 19. e5 fxe5 20. fxe5 Qd7 21. Ne4 Nd5 22. Qg5 Rf5 23. Qg3 Qg7 24. Nd6 Rff8 25. Ng5 Qe7 26. Ndf7 Rde8 27. Qh4 h5 28. Qe4 Kg7 29. c4 Nc7 30. Rf6 Rxf7 31. Qxg6+ Kf8 32. Rxf7+ 1-0

[Event "December 19 Early 2023"]
[Site "https://www.chess.com"]
[Date "2023.12.19"]
[Round "6"]
[White "Sarkar, Justin"]
[Black "Sai Han Thiha"]
[Result "0-1"]
[Board "182"]
[TimeControl "180+1"]
[WhiteFideId "2010011"]
[BlackFideId "13012290"]
[WhiteElo "2138"]
[BlackElo "1954"]
[WhiteTeam "USA"]
[BlackTeam "MYA"]
[WhiteClock "0:00:00"]
[BlackClock "0:00:18"]

1. d4 Nf6 2. c4 g6 3. Nc3 Bg7 4. e4 d6 5. f3 a6 6. Nge2 c6 7. Bg5 b5 8. Ng3 h6 9. Be3 h5 10. Bd3 bxc4 11. Bxc4 d5 12. Bb3 h4 13. Nge2 h3 14. g3 e6 15. e5 Nfd7 16. f4 a5 17. O-O Ba6 18. Na4 Bf8 19. Rc1 Qc7 20. Rf2 Qb7 21. g4 Bh6 22. Ng3 Bb5 23. Qd2 Na6 24. f5 Bxe3 25. Qxe3 gxf5 26. gxf5 O-O-O 27. Kh1 Kb8 28. Nc3 Nb4 29. Rd1 Nb6 30. a3 Na6 31. fxe6 fxe6 32. Rf6 Rde8 33. Ba2 Bc4 0-1

[Event "December 19 Early 2023"]
[Site "https://www.chess.com"]
[Date "2023.12.19"]
[Round "6"]
[White "Kowalysko, Roman"]
[Black "Avila Rodriguez, Joshua Ad"]
[Result "0-1"]
[Board "183"]
[TimeControl "180+1"]
[WhiteFideId "30918510"]
[BlackFideId "5126444"]
[WhiteElo "2270"]
[BlackElo "2097"]
[WhiteTeam "USA"]
[BlackTeam "MEX"]
[WhiteClock "0:00:50"]
[BlackClock "0:01:14"]

1. Nc3 d5 2. e4 d4 3. Nce2 e5 4. Ng3 g6 5. Bc4 Bg7 6. d3 Ne7 7. Nf3 O-O 8. O-O a6 9. a4 Nbc6 10. Nh4 h6 11. h3 Kh7 12. Nf3 f5 13. exf5 gxf5 14. Re1 Qe8 15. Nh2 Qg6 16. Qh5 Bd7 17. Qxg6+ Nxg6 18. Bd5 Rae8 19. Bxc6 Bxc6 20. b3 e4 21. Ba3 Rf7 22. Nh5 Bh8 23. dxe4 fxe4 24. Ng4 Nf4 25. Nxf4 Rxf4 26. Rad1 h5 27. Nh2 Rg8 28. g3 Rf7 29. Bc5 e3 30. fxe3 Rxg3# 0-1

[Event "December 19 Early 2023"]
[Site "https://www.chess.com"]
[Date "2023.12.19"]
[Round "6"]
[White "Player, Edmund C"]
[Black "Tikhonov, Viacheslav"]
[Result "0-1"]
[Board "184"]
[TimeControl "180+1"]
[WhiteFideId "406520"]
[BlackFideId "44196407"]
[WhiteElo "2015"]
[BlackElo "2209"]
[WhiteTeam "ENG"]
[BlackTeam "RUS"]
[WhiteClock "0:00:00"]
[BlackClock "0:00:04"]

1. Nc3 c5 2. e4 g6 3. g3 Bg7 4. Bg2 Nc6 5. Nge2 e6 6. O-O Nge7 7. d3 O-O 8. Be3 b6 9. h3 d5 10. exd5 Nxd5 11. Nxd5 exd5 12. d4 c4 13. Qd2 Be6 14. Bh6 Qd7 15. Kh2 b5 16. Bxg7 Kxg7 17. Ng1 b4 18. c3 bxc3 19. bxc3 Rab8 20. Nf3 Qd6 21. Rfe1 a5 22. Ne5 f6 23. Nxc6 Qxc6 24. Re3 a4 25. Rae1 Rfe8 26. Qc1 Qd6 27. h4 Bf7 28. Rxe8 Bxe8 29. Re3 a3 30. Qe1 Bf7 31. h5 Rb2 32. Re2 Qb6 33. hxg6 hxg6 34. Re7 Qd6 35. Re2 Kf8 36. Rd2 Qb6 37. Qe2 Qb7 38. Qe3 Rxd2 39. Qxd2 g5 40. Qe1 Qb2 41. Qe3 Qxa2 42. Qf3 Qb1 43. Qg4 Qh7+ 44. Kg1 a2 45. Qc8+ Kg7 46. Qa8 Qb1+ 47. Kh2 a1=Q 48. Qd8 Qh7+ 49. Bh3 Qxh3+ 50. Kxh3 Qh1+ 0-1

[Event "December 19 Early 2023"]
[Site "https://www.chess.com"]
[Date "2023.12.19"]
[Round "6"]
[White "Rogov, Matfey"]
[Black "Rodriguez Santiago, Jaime"]
[Result "1-0"]
[Board "185"]
[TimeControl "180+1"]
[WhiteFideId "44191308"]
[BlackFideId "3100898"]
[WhiteElo "2057"]
[BlackElo "2025"]
[WhiteTeam "RUS"]
[BlackTeam "PUR"]
[WhiteClock "0:01:36"]
[BlackClock "0:00:50"]

1. Nc3 Nf6 2. e4 d6 3. d4 g6 4. Bf4 Bg7 5. Qd2 c6 6. O-O-O Nbd7 7. Bh6 Bxh6 8. Qxh6 b5 9. e5 dxe5 10. dxe5 Ng4 11. Qg7 Rf8 12. Nh3 Qb6 13. f4 b4 14. Na4 Qe3+ 15. Kb1 h6 16. Bd3 Nf2 17. Nxf2 Qxf2 18. e6 Nf6 19. exf7+ Rxf7 20. Qh8+ 1-0

[Event "December 19 Early 2023"]
[Site "https://www.chess.com"]
[Date "2023.12.19"]
[Round "6"]
[White "Hrebenshchykova, Yelyzaveta"]
[Black "Skurikhin, Dmitrij"]
[Result "1/2-1/2"]
[Board "186"]
[TimeControl "180+1"]
[WhiteFideId "14159899"]
[BlackFideId "4161297"]
[WhiteElo "2045"]
[BlackElo "2197"]
[WhiteTeam "UKR"]
[BlackTeam "RUS"]
[WhiteClock "0:00:20"]
[BlackClock "0:00:58"]

1. e4 e6 2. d4 d5 3. Nc3 Nf6 4. Bg5 dxe4 5. Nxe4 Nbd7 6. Nf3 Be7 7. Nxf6+ Nxf6 8. Bd3 b6 9. Bb5+ Bd7 10. a4 O-O 11. O-O Bxb5 12. axb5 Qd5 13. Qe2 h6 14. c4 Qf5 15. Bh4 Rfd8 16. Rfd1 Bd6 17. Ne5 Bxe5 18. dxe5 Rxd1+ 19. Rxd1 Qe4 20. Qxe4 Nxe4 21. Rd7 Rc8 22. f3 Nc5 23. Rd1 c6 24. Rc1 Nd3 25. Ra1 1/2-1/2

[Event "December 19 Early 2023"]
[Site "https://www.chess.com"]
[Date "2023.12.19"]
[Round "6"]
[White "De Souza, Cristiano Gomes"]
[Black "Namitbir Singh Walia"]
[Result "0-1"]
[Board "187"]
[TimeControl "180+1"]
[WhiteFideId "2151758"]
[BlackFideId "35071068"]
[WhiteElo "2068"]
[BlackElo "2239"]
[WhiteTeam "BRA"]
[BlackTeam "IND"]
[WhiteClock "0:00:11"]
[BlackClock "0:00:06"]

1. d4 d5 2. c4 e6 3. Nf3 Nf6 4. Nc3 Be7 5. Bg5 O-O 6. e3 b6 7. Rc1 Bb7 8. Bxf6 Bxf6 9. cxd5 exd5 10. b4 c6 11. a4 Nd7 12. Be2 Qe7 13. Qb3 Rfe8 14. O-O Qd6 15. Rfd1 g6 16. h3 Bg7 17. Rd2 Nf6 18. Rdc2 Ne4 19. Nxe4 Rxe4 20. Nd2 Ree8 21. b5 Rac8 22. bxc6 Rxc6 23. Bb5 Rxc2 24. Rxc2 Rc8 25. Rxc8+ Bxc8 26. Qc3 Bd7 27. Nf3 h6 28. g4 Bf6 29. Kg2 Kg7 30. Nd2 Be7 31. Nb3 Be6 32. a5 f5 33. axb6 axb6 34. Be2 Qb4 35. Qxb4 Bxb4 36. Bf3 Kf6 37. gxf5 Kxf5 38. Nc1 h5 39. Nd3 Bd6 40. Be2 Kf6 41. f3 Bf5 42. Nf2 Bc2 43. e4 Ke6 44. Bd3 Bxd3 45. Nxd3 dxe4 46. fxe4 b5 47. Kf3 b4 48. d5+ Kf6 49. Ke3 b3 50. Nb2 Be5 51. Nc4 b2 52. Na3 Bd6 53. Nb1 Ke5 54. Kd3 g5 55. Nd2 g4 56. hxg4 hxg4 57. Nc4+ Kf4 58. Nxb2 Kf3 59. Nc4 g3 60. e5 g2 61. Nxd6 g1=Q 62. e6 Qe3+ 63. Kc4 Qc1+ 64. Kb5 Qc7 65. Nc4 Ke4 66. d6 Qb7+ 67. Kc5 Qa7+ 68. Kc6 Qa6+ 69. Kd7 Qxc4 70. e7 Qb5+ 71. Kd8 Qb6+ 72. Kd7 Qb7+ 73. Ke6 Qd5+ 74. Kf6 Qxd6+ 75. Kf7 Qd7 76. Kf8 Qd6 77. Kf7 Qf4+ 78. Kg8 Qg5+ 79. Kf8 Qf6+ 80. Ke8 Kd5 81. Kd7 Qe6+ 82. Kd8 Qf6 83. Kd7 Qd6+ 84. Ke8 Ke6 85. Kf8 Qxe7+ 86. Kg8 Kf6 87. Kh8 Qg7# 0-1

[Event "December 19 Early 2023"]
[Site "https://www.chess.com"]
[Date "2023.12.19"]
[Round "6"]
[White "Semenova, Alina"]
[Black "Novak, Ratko"]
[Result "0-1"]
[Board "188"]
[TimeControl "180+1"]
[WhiteFideId "24113875"]
[BlackFideId "14511827"]
[WhiteElo "1827"]
[BlackElo "2036"]
[WhiteTeam "RUS"]
[BlackTeam "CRO"]
[WhiteClock "0:00:00"]
[BlackClock "0:00:49"]

1. e4 d5 2. exd5 c6 3. dxc6 Nxc6 4. Nf3 e5 5. Nc3 Bd6 6. Bb5 Ne7 7. O-O O-O 8. d4 exd4 9. Ne4 Bg4 10. Nxd6 Qxd6 11. h3 Bh5 12. Qd3 Rad8 13. Bg5 f6 14. Bh4 Kh8 15. Bg3 Qc5 16. Nh4 Nb4 17. Qb3 Qxb5 18. a3 a5 19. axb4 axb4 20. Rfe1 Nc6 21. Bc7 Rd7 22. Bh2 g5 23. Nf3 d3 24. c4 Qc5 25. Nd2 Nd4 26. Qa4 b5 27. cxb5 Nc2 28. Rac1 Rb7 29. Re4 Qxb5 30. Qxb5 Rxb5 31. Bd6 Rf7 32. Re8+ Kg7 33. Rd8 Bg6 34. Nc4 h5 35. b3 Kh7 36. Ne3 Nd4 37. Rb8 Rxb8 38. Bxb8 Ne2+ 0-1

[Event "December 19 Early 2023"]
[Site "https://www.chess.com"]
[Date "2023.12.19"]
[Round "6"]
[White "Franchini, Gabriele"]
[Black "Dwilewicz, Katarzyna"]
[Result "1-0"]
[Board "189"]
[TimeControl "180+1"]
[WhiteFideId "806790"]
[BlackFideId "1148486"]
[WhiteElo "2215"]
[BlackElo "2098"]
[WhiteTeam "ITA"]
[BlackTeam "POL"]
[WhiteClock "0:00:10"]
[BlackClock "0:00:00"]

1. e4 c5 2. Nc3 Nc6 3. Bb5 g6 4. Bxc6 bxc6 5. f4 Bg7 6. Nf3 d6 7. d3 Nf6 8. h3 Rb8 9. O-O O-O 10. Qe1 e6 11. Qh4 Nh5 12. Qf2 f5 13. e5 d5 14. Qxc5 Qb6 15. Qxb6 axb6 16. d4 Ng3 17. Rd1 c5 18. Be3 Ne4 19. Nxe4 fxe4 20. Nh2 cxd4 21. Rxd4 Ba6 22. g3 Rfc8 23. Rd2 Rc6 24. Bd4 Rbc8 25. c3 Bd3 26. Nf1 h6 27. Ne3 Kf7 28. Kf2 Ke7 29. a4 Rf8 30. Kg2 Ra8 31. b4 b5 32. a5 Kd7 33. Nd1 Rca6 34. Nb2 Bc4 35. Nxc4 bxc4 36. Kf2 Kc6 37. Ke3 Kb5 38. g4 Rf8 39. Rf1 Raa8 40. Rdf2 h5 41. f5 Bh6+ 42. Ke2 exf5 43. gxf5 gxf5 44. Rxf5 Rxf5 45. Rxf5 Rg8 46. Rxh5 Bc1 47. e6 Kc6 48. e7 Kd6 49. Bc5+ Kd7 50. Rxd5+ Ke6 51. Rd8 1-0

[Event "December 19 Early 2023"]
[Site "https://www.chess.com"]
[Date "2023.12.19"]
[Round "6"]
[White "Marchesich, Giovanni"]
[Black "Bach, Matthias"]
[Result "0-1"]
[Board "190"]
[TimeControl "180+1"]
[WhiteFideId "2824790"]
[BlackFideId "4603168"]
[WhiteElo "2198"]
[BlackElo "2130"]
[WhiteTeam "ITA"]
[BlackTeam "GER"]
[WhiteClock "0:00:50"]
[BlackClock "0:00:50"]

1. b3 e6 2. Bb2 d5 3. Nf3 c5 4. g3 Nc6 5. Bg2 Nf6 6. O-O Be7 7. c4 d4 8. e3 e5 9. exd4 exd4 10. d3 O-O 11. Re1 Bg4 12. Nbd2 Re8 13. a3 a5 14. h3 Bh5 15. Qc2 Bd6 16. Ng5 Qd7 17. Nge4 Nxe4 18. Nxe4 Bf8 19. g4 Bg6 20. f4 f5 21. Nf2 Re3 22. Qd2 Rae8 23. g5 Bh5 24. Bf1 Bd6 25. Nh1 Bxf4 26. h4 Rg3+ 27. Nxg3 Bxd2 28. Rxe8+ Qxe8 29. Nxf5 Qe5 30. Bg2 Qxf5 31. Rf1 Be3+ 32. Kh1 Qxf1+ 33. Bxf1 Ne5 34. b4 axb4 35. axb4 cxb4 36. Kg2 Bf3+ 37. Kg3 Kf7 38. c5 Ke6 39. Bh3+ Kd5 40. Bc8 Kxc5 0-1

[Event "December 19 Early 2023"]
[Site "https://www.chess.com"]
[Date "2023.12.19"]
[Round "6"]
[White "Arshiya Das"]
[Black "Nord, Alexander"]
[Result "1-0"]
[Board "191"]
[TimeControl "180+1"]
[WhiteFideId "25652150"]
[BlackFideId "1738135"]
[WhiteElo "1481"]
[BlackElo "2077"]
[WhiteTeam "IND"]
[BlackTeam "SWE"]
[WhiteClock "0:00:45"]
[BlackClock "0:00:03"]

1. e4 g6 2. d4 Bg7 3. Nf3 d6 4. Bc4 c6 5. O-O Nf6 6. Re1 O-O 7. c3 d5 8. exd5 cxd5 9. Bb3 Bg4 10. h3 Bxf3 11. Qxf3 Nc6 12. Bg5 Ne4 13. Bf4 f5 14. Nd2 Kh8 15. Qe3 a6 16. f3 Nxd2 17. Qxd2 Qd7 18. Qe3 Rad8 19. a4 Rfe8 20. Qe6 Qxe6 21. Rxe6 Kg8 22. Rae1 Rd7 23. Bg5 Kf7 24. f4 Nd8 25. R6e2 Nc6 26. Kh2 Na5 27. Ba2 Nc6 28. Re6 Nd8 29. Rb6 Nc6 30. Bb1 Bf8 31. Rb3 e6 32. Bd3 h6 33. Bh4 Bd6 34. Bg3 g5 35. fxg5 hxg5 36. Bxd6 Rxd6 37. Rxb7+ Re7 38. Rxe7+ Kxe7 39. Bxf5 Na5 40. Bd3 Nb3 41. Kg3 Rd8 42. Kg4 Rf8 43. Rf1 Rb8 44. Bxa6 Nd2 45. Re1 Rxb2 46. Bd3 Rb3 47. Bf5 Rxc3 48. Bxe6 Kd6 49. Bf5 Nc4 50. Re6+ Kc7 51. Rg6 Ra3 52. Rg7+ Kd6 53. Ra7 Ra2 54. g3 Ra3 55. h4 Ne3+ 56. Kxg5 Nxf5 57. Kxf5 Rxg3 58. a5 Kc6 59. Ra8 Kb5 60. a6 Kb6 61. a7 Kb7 62. Rd8 Rh3 63. Kg4 Rh1 64. a8=Q+ Kc7 1-0

[Event "December 19 Early 2023"]
[Site "https://www.chess.com"]
[Date "2023.12.19"]
[Round "6"]
[White "Leve, Nitai"]
[Black "Papp, Petra"]
[Result "1-0"]
[Board "192"]
[TimeControl "180+1"]
[WhiteFideId "2006898"]
[BlackFideId "739049"]
[WhiteElo "2144"]
[BlackElo "2270"]
[WhiteTeam "USA"]
[BlackTeam "HUN"]
[WhiteClock "0:02:16"]
[BlackClock "0:01:54"]

1. e4 c5 2. Nf3 e6 3. d4 cxd4 4. Nxd4 Nf6 5. Nc3 Nc6 6. Nxc6 bxc6 7. e5 Nd5 8. Ne4 Qc7 9. f4 a5 10. c4 Bb4+ 11. Ke2 O-O 12. cxd5 cxd5 13. Nc3 f6 14. exf6 Rxf6 15. Be3 Bb7 16. a3 Be7 17. Rc1 Qb6 18. Bxb6 1-0

[Event "December 19 Early 2023"]
[Site "https://www.chess.com"]
[Date "2023.12.19"]
[Round "6"]
[White "Bach Ngoc Thuy Duong"]
[Black "Guzman Lozano, Campo Elias"]
[Result "1-0"]
[Board "193"]
[TimeControl "180+1"]
[WhiteFideId "12408956"]
[BlackFideId "4403746"]
[WhiteElo "1970"]
[BlackElo "2099"]
[WhiteTeam "VIE"]
[BlackTeam "COL"]
[WhiteClock "0:00:11"]
[BlackClock "0:00:00"]

1. d4 Nf6 2. c4 e6 3. Nc3 Bb4 4. Qc2 c5 5. dxc5 Bxc5 6. Nf3 Nc6 7. a3 O-O 8. Bg5 Nd4 9. Nxd4 Bxd4 10. e3 Qa5 11. exd4 Qxg5 12. Qd2 Qg6 13. f3 d5 14. Bd3 Qh5 15. O-O Rd8 16. c5 Bd7 17. Rfe1 Bc6 18. b4 a6 19. a4 Ne8 20. b5 axb5 21. axb5 Bd7 22. Na4 Qh4 23. Qb4 Nc7 24. Nb6 Rxa1 25. Rxa1 Be8 26. Re1 g6 27. g3 Qf6 28. f4 h5 29. h4 Kg7 30. Ra1 Kg8 31. Ra7 Nxb5 32. Bxb5 Bxb5 33. Rxb7 Bd3 34. Qc3 Bf5 35. Nd7 Qe7 36. c6 Qd6 37. Ne5 Ra8 38. c7 1-0

[Event "December 19 Early 2023"]
[Site "https://www.chess.com"]
[Date "2023.12.19"]
[Round "6"]
[White "Kiseleva, Arina"]
[Black "Mouhamad, Joachim"]
[Result "1-0"]
[Board "194"]
[TimeControl "180+1"]
[WhiteFideId "4164989"]
[BlackFideId "656410"]
[WhiteElo "1740"]
[BlackElo "2125"]
[WhiteTeam "RUS"]
[BlackTeam "FRA"]
[WhiteClock "0:00:20"]
[BlackClock "0:00:00"]

1. d4 d5 2. Nf3 Nf6 3. e3 e6 4. Bd3 b6 5. O-O Bb7 6. b3 Bd6 7. Bb2 O-O 8. Ne5 c5 9. Nd2 Nc6 10. a3 Rc8 11. f4 Ne7 12. Qf3 Rc7 13. Qh3 Ne4 14. Rad1 f6 15. Nef3 Nf5 16. Nh4 Nxh4 17. Qxh4 Qc8 18. c4 cxd4 19. Bxd4 Bc5 20. cxd5 Bxd4 21. exd4 Nxd2 22. Qxh7+ Kf7 23. Bg6+ Ke7 24. Rxd2 Bxd5 25. Qxg7+ Kd6 26. Qh6 Rh8 27. Bh7 Rcxh7 28. Qxf6 Rxh2 29. Qe5+ Ke7 30. f5 Rh1+ 31. Kf2 1-0